← All builds
Suicide front / Cortex / Economy first / OBSERVED BUILD

Pounder assault push

Cortex Suicide front build order · Supreme Isthmus

Opens Vehicle Plant and leads with a T1 vehicle riot push, Pounder arriving by 1:16, supported by Rascal raiders and Wolverine artillery, fighting forward in the middle as the early commitment well ahead of role norms.

Usually 3 mex, then lab (66%)

#rush #push #artillery · 31 distinct matches · 14 players · 2% of Cortex Suicide front games · team won 63% of 32 · Recently observed

THE CATCH, AND WHAT COMES WITH IT
  • PounderT1 vehicle riot from 1:16 · 7% of role by thenFrom the Vehicle Plant. Only 7% of Suicide front games have it by then; others who build it get it around 1:47
  • Vehicle PlantVehicle Plant in 100%8% of all Suicide front games by then
  • RascalRascal in 88%6% of all Suicide front games by then
  • WolverineWolverine in 81%4% of all Suicide front games by then
  • BruteBrute in 59%3% of all Suicide front games by then

Where those units first fight, in 32 games with kill data: in the middle 94%, on their own side 6%.

Those units destroy a typical 1,443 metal of enemy units by 15:00.

Then transitions into brute (21% of army), wolverine (12% of army).

HOW TO PLAY IT

Key timing: Pounder by 1:16

  1. Open Vehicle Plant right away, same as usual Suicide front start.
  2. Send Rascal raiders out ahead of the normal role timing.
  3. Commit to Pounder riot pushing into the middle early.
  4. Add Wolverine artillery to support the riot push.
  5. Shift the army toward Brute as the main late push unit.

Phase by phase

TYPICAL OF ITS 31 GAMES · AGAINST STANDARD SUICIDE FRONT
  1. 1
  2. 2
  3. 3
PLAY THE OPENING

Follow the example game's first 6:00 step by step: what to build now, what comes next, and where it goes. At 1× it keeps pace with your own game.

  1. 1

    Up to the T1 vehicle riot

    Economy
    • Metal Extractor3Mex
    • Wind Turbine1Wind
    Order
    1. Vehicle PlantVehicle Plant after 3 mex
    2. PounderT1 vehicle riot after 3 mex, 1 wind

    Some games also: con vehicle (50%) · rascal (38%) · Guard (34%)

    By 1:09 in all: 3 mex · 1 wind

    The example game in this phase · 5 steps
    1. Mex
    2. Vehicle PlantVehicle Plantdone 0:29 · typical 0:48
    3. RascalRascal ×6
    4. Construction VehicleCon vehicle ×2
    5. PounderPounderdone 1:33
  2. 2

    T1 vehicle riot to 5:00

    Economy
    • Metal Extractor2Mex
    • Wind Turbine5Wind+4 vs standard
    Builders
    • Construction Vehicle3 Con vehicle +3 vs standard
    Army
    • Guard2 Guard
    • Wolverine6 Wolverine +6 vs standard
    • Pounder3 Pounder +3 vs standard
    Other
    • Radar Tower1 Radar Tower

    Some games also: rascal (44%) · con turret (38%) · Twin Guard (34%) · brute (31%)

    The standard build makes here, this one skips: 3 Graverobber · 2 con bot · 16 thug

    By 5:00 in all: 5 mex · 7 wind (standard 3)

    The example game in this phase · 28 steps
    1. Mex
    2. PounderPounder
    3. Mex ×2
    4. PounderPounder
    5. WolverineWolverine ×2
    6. Wind
    7. Mex
    8. Wind
    9. Dragon's TeethDragon's Teeth ×2
    10. Wind
    11. Dragon's TeethDragon's Teeth ×3
    12. WolverineWolverine
    13. Dragon's TeethDragon's Teeth
    14. GuardGuard
    15. Wind
    16. GuardGuard
    17. Wind ×2
    18. PounderPounder
    19. Wind ×2
    20. PounderPounder
    21. Wind ×2
    22. WolverineWolverine
    23. Con turret
    24. WolverineWolverine
    25. GuardGuard
    26. Radar TowerRadar Tower
    27. Wind
    28. WolverineWolverine
  3. 3

    5:00 to 10:00

    Economy
    • Metal Extractor1Mex
    • Wind Turbine15Wind
    Builders
    • Construction Turret2 Con turret
    • Construction Vehicle2 Con vehicle +2 vs standard
    Army
    • Guard1 Guard
    • Brute6 Brute +6 vs standard
    • Pounder2 Pounder +2 vs standard
    • Rascal2 Rascal +2 vs standard
    Other
    • Radar Tower1 Radar Tower

    Some games also: lasher (47%) · Dragon's Teeth (44%) · wolverine (44%) · energy storage (38%) · Twin Guard (34%)

    The standard build makes here, this one skips: 3 Graverobber

    By 10:00 in all: 6 mex · 23 wind (standard 16) · 3 con turret

    The example game in this phase · 62 steps
    1. Wind
    2. Dragon's TeethDragon's Teeth ×3
    3. PounderPounder
    4. Wind
    5. Dragon's TeethDragon's Teeth ×4
    6. PounderPounder
    7. AgitatorAgitatordone 8:29
    8. Wind
    9. WolverineWolverine
    10. Wind
    11. WolverineWolverine
    12. Wind
    13. WolverineWolverine
    14. Wind
    15. PounderPounder
    16. Wind
    17. PounderPounder
    18. Wind
    19. WolverineWolverine
    20. Wind
    21. WolverineWolverine
    22. Wind
    23. WolverineWolverine
    24. Wind
    25. PounderPounder ×2
    26. WolverineWolverine ×3
    27. Wind
    28. PounderPounder ×2
    29. WardenWarden
    30. Wind
    31. Mex
    32. Wind ×5
    33. Advanced Metal ExtractorT2 mexdone 10:27 · typical 10:27
    34. Wind ×7
    35. Energy storage
    36. Wind ×2
    37. Bot LabBot Labdone 10:54
    38. Advanced Metal ExtractorT2 mex
    39. Wind
    40. GruntGrunt ×2
    41. Wind
    42. GruntGrunt
    43. Wind
    44. GruntGrunt
    45. Advanced Metal ExtractorT2 mex
    46. GruntGrunt ×3
    47. Con turret
    48. GruntGrunt ×2
    49. Advanced Metal ExtractorT2 mex
    50. GruntGrunt ×4
    51. Con turret
    52. RattlesnakeRattlesnakedone 13:58
    53. GruntGrunt ×4
    54. Wind
    55. GruntGrunt ×4
    56. Fusion ReactorFusionnot finished by 15:00
    57. Wind
    58. GruntGrunt ×2
    59. Wind
    60. GruntGrunt ×2
    61. Wind
    62. GruntGrunt

Counts are medians over the build's games: half of them build more, half fewer. The example game is VeryCool's (31 OS, 12/10/2026); pick another.

Team trades

IN AT LEAST 30% OF ITS GAMES

You hand over

Nothing regular.

You get

  • Tidal Generator4 Tidal from Pondfirst at 0:13 · in 66% of games
  • Advanced Construction Bot1 T2 con bot from Geo or Techfirst at 8:35 · in 56% of games

How it plays out

Typical game of this build against the role’s standard build, running totals by minute

  • This build
  • Standard suicide front

Metal produced

010k20k
0:005:0010:0015:00

metal

Enemy metal destroyed

05k10k
0:005:0010:0015:00

metal

Own metal lost

05k10k
0:005:0010:0015:00

metal

32 games.

Show as table
ByMetal produced: This buildMetal produced: Standard suicide frontEnemy metal destroyed: This buildEnemy metal destroyed: Standard suicide frontOwn metal lost: This buildOwn metal lost: Standard suicide front
1:004003300000
2:009409440000
3:001731203614521613173
4:0027733125604733304632
5:0037794281126015426021394
6:00483854741981250511512331
7:00613266492730363715613310
8:00738778294010456523754355
9:00833689444342530130345270
10:009409102135454601742696154
11:0010582115885475656747516915
12:0012186131636060703661527714
13:0014166147586874775468818382
14:0016067163728236835178818916
15:0017930177448453897087999568
WHAT THE NUMBERS SAY

Won clearly more often than the standard build with notably lower own metal losses at every checkpoint.

  • + Own metal lost roughly 40% lower than standard build at 5:00 and 10:00.
  • + Metal produced by 15:00 exceeds the standard build's.
  • − Enemy metal destroyed is lower than standard at every checkpoint.
  • − Metal produced trails standard build early at 5:00 and 10:00.
THE EXAMPLE YOU ARE READING

VeryCool

30.9 OS · 12/10/2026

Open source match ↗

5 received units · includes a constructor
192 metal received · 24926 energy received

Allied construction assistance is unknown. Timings are observations, not a promise of solo reproducibility.

Typical milestones

Vehicle Plant0:48Middle 50%: 0:46–0:54 · n=32
Advanced Metal Extractor10:27Middle 50%: 9:39–11:11 · n=25

Played most by

CommandoMan14games of this buildMischievousDragonGF4games of this buildRAM_Ricardo3games of this build[crd]sisa1game of this buildEtherift1game of this build